AoeStats
← Boxster553

Arena

505908588Analyzed
4v4 RM · 19d ago on Sep 11, 2026· 48m 47s· 8 players
Game mode
Random Map
Map size
Large (8 player)
Population
200
Speed
Normal
Resources
Standard
Victory
Conquest
Starting age
Dark Age
Ending age
Imperial Age
RankedLock teamsTeams togetherTeam positionsShared explorationLock speedFull tech treeHidden civsTurbo modeCheats
Victory
Defeat
🇨🇳 Koreans · China
941
+15
🇦🇷 Franks · Argentina
934
+15
🇮🇳 Hindustanis · India
919
+16
🇨🇳 Bohemians · China
919
+16
🇸🇪 Persians · Sweden
939
-15
🇩🇪 Bulgarians · Germany
919
-16
🇧🇷 Teutons · Brazil
917
-16
🇨🇿 Persians · Czechia
905
-15
AGOFEM
11:16 Feudal Age
15:48 Castle Age
14:09 Horse Collar
15:27 Double-Bit Axe
17:25 Wheelbarrow
23:39 Gold Mining
29:13 Imperial Age
27:08 Scale Barding Armor
27:17 Bloodlines
27:44 Heavy Plow
27:57 Bow Saw
28:25 Squires
28:28 Pikeman
29:37 Scale Mail Armor
29:48 Forging
30:01 Hand Cart
29:41 Gambesons
30:18 Chain Mail Armor
30:10 Loom
30:42 Halberdier
31:20 Cavalier
35:18 Two-Man Saw
34:37 Elite Teutonic Knight
37:13 Iron Casting
40:15 Chain Barding Armor
40:00 Paladin
42:59 Plate Mail Armor
43:30 Blast Furnace
46:14 Plate Barding Armor
45:31 Fletching
45:41 Padded Archer Armor
46:45 Crop Rotation
46:47 Elite Skirmisher
48:47 Chemistry
48:08 Ballistics
Hurgha
0:32 Loom
13:10 Feudal Age
14:24 Town Watch
19:34 Castle Age
17:39 Double-Bit Axe
20:44 Fletching
21:48 Bow Saw
22:39 Wheelbarrow
27:58 Hand Cart
38:03 Gold Mining
43:40 Imperial Age
41:33 Horse Collar
42:26 Husbandry
42:36 Bloodlines
42:51 Scale Barding Armor
42:57 Forging
46:50 Iron Casting
DarkSnipper
10:53 Feudal Age
17:05 Castle Age
16:31 Double-Bit Axe
16:30 Horse Collar
18:30 Wheelbarrow
18:15 Forging
19:07 Husbandry
19:42 Bloodlines
21:59 Scale Barding Armor
24:53 Light Cavalry
Mistăr
0:46 Loom
11:15 Feudal Age
12:07 Horse Collar
12:14 Double-Bit Axe
20:20 Castle Age
18:42 Gold Mining
19:01 Stone Mining
20:16 Forging
21:25 Bow Saw
22:00 Arson
24:16 Fletching
30:37 Stirrups
33:05 Wheelbarrow
35:31 Heavy Plow
39:16 Imperial Age
37:05 Hand Cart
38:18 Scale Barding Armor
40:10 Murder Holes
40:27 Masonry
40:03 Town Watch
42:18 Chemistry
40:53 Heavy Scorpion
40:59 Capped Ram
42:17 Bodkin Arrow
43:01 Iron Casting
42:59 Siege Engineers
43:24 Ballistics
43:12 Husbandry
43:43 Conscription
43:34 Bagains
42:58 Light Cavalry
43:21 Siege Ram
44:50 Architecture
44:39 Bloodlines
47:36 Heavy Scorpion
巅峰繁唐
3:27 Loom
10:47 Feudal Age
15:40 Castle Age
14:45 Double-Bit Axe
19:20 Horse Collar
19:54 Bow Saw
24:59 Pikeman
25:39 Squires
27:26 Wheelbarrow
27:06 Masonry
28:34 Scale Mail Armor
29:16 Hand Cart
30:26 Redemption
31:31 Chemistry
33:44 Wagenburg Tactics
33:33 Treadmill Crane
37:47 Scale Barding Armor
37:52 Forging
41:27 Imperial Age
42:30 Conscription
41:40 Elite Hussite Wagon
42:09 Halberdier
45:01 Block Printing
44:49 Devotion
45:10 Hussite Reforms
48:30 Chain Barding Armor
48:25 Chain Mail Armor
48:47 Iron Casting
白馬义从
0:38 Loom
9:44 Feudal Age
13:08 Double-Bit Axe
18:02 Castle Age
16:08 Stone Mining
16:39 Gold Mining
20:48 Scale Barding Armor
20:38 Town Watch
24:30 Wheelbarrow
24:18 Pikeman
26:45 Bow Saw
27:28 Arson
32:53 Imperial Age
31:54 Forging
31:56 Squires
32:43 Husbandry
33:11 Chain Barding Armor
33:57 Cavalier
37:55 Chemistry
37:33 Heavy Scorpion
39:39 Masonry
41:04 Conscription
42:42 Gold Shaft Mining
41:44 Light Cavalry
42:23 Elite Skirmisher
43:55 Hand Cart
43:43 Town Patrol
44:22 Iron Casting
43:47 Scale Mail Armor
43:38 Fletching
45:13 Ballistics
47:25 Paladin
47:58 Gambesons
48:58 Bodkin Arrow
49:03 Padded Archer Armor
素
11:00 Feudal Age
10:30 Loom
14:42 Man-at-Arms
17:59 Double-Bit Axe
18:29 Stone Mining
22:17 Gold Mining
25:03 Castle Age
25:32 Fletching
Boxster553
2:42 Loom
10:49 Feudal Age
15:17 Castle Age
13:29 Horse Collar
18:07 Wheelbarrow
17:18 Town Watch
17:38 Double-Bit Axe
18:35 Heavy Plow
19:36 Scale Barding Armor
23:23 Gold Mining
23:24 Stone Mining
24:49 Hand Cart
25:11 Bow Saw
27:08 Town Patrol
31:35 Imperial Age
30:22 Gold Shaft Mining
30:23 Stone Shaft Mining
30:02 Forging
29:53 Scale Mail Armor
30:17 Chain Barding Armor
30:20 Bloodlines
30:12 Husbandry
32:28 Iron Casting
31:38 Heavy Camel Rider
32:55 Plate Barding Armor
33:26 Imperial Camel Rider
36:36 Blast Furnace
37:34 Squires
37:00 Elite Ghulam
38:03 Conscription
39:22 Scale Mail Armor
41:27 Chain Mail Armor
42:36 Two-Man Saw
44:45 Hoardings
45:00 Grand Trunk Road
46:24 Light Cavalry
47:11 Hussar
Connection lost

Rejoining the realm…

Still unreachable

The connection could not be restored.

Session expired

The server has moved on; the page needs a fresh start.